 Dungeon Crawl Stone Soup version 0.29.0-4-gdea44cf6ec (webtiles) character file.

Game seed: 3003711236569062834

1619 Renzlar the Shield-Bearer (level 8, -2/68 HPs)
             Began as a Gnoll Fighter on Aug 26, 2022.
             Was a Priest of Okawaru.
             Slain by an orc warrior
             ... wielding a +0 scimitar
              (12 damage)
             ... on level 6 of the Dungeon.
             The game lasted 00:16:46 (5677 turns).

Renzlar the Shield-Bearer (Gnoll Fighter)           Turns: 5677, Time: 00:16:47

Health: -2/68      AC: 13    Str: 18    XL:     8   Next: 96%
Magic:  13/13      EV:  9    Int:  7    God:    Okawaru [***...]
Gold:   413        SH: 10    Dex: 12    Spells: 14/14 levels left

rFire   . . .      SeeInvis .   a - +0 war axe
rCold   . . .      Faith    .   x - +0 kite shield
rNeg    . . .      Spirit   .   b - +1 scale mail
rPois   .          Reflect  .   y - +0 helmet
rElec   .          Harm     .   (no cloak)
rCorr   +          Rampage  .   g - +0 pair of gloves
Will    .....                   e - +0 pair of boots
Stlth   +.........              (no amulet)
HPRegen 0.21/turn               k - ring of resist corrosion
MPRegen 0.13/turn               (no ring)

@: no status effects
A: fangs 1, strong nose, distributed training
a: Renounce Religion, Heroism


You were on level 6 of the Dungeon.
You worshipped Okawaru.
Okawaru was most pleased with you.
You visited 1 branch of the dungeon, and saw 6 of its levels.

You collected 413 gold pieces.

Inventory:

Hand Weapons
 a - a +0 war axe (weapon)
 c - a +0 sling
 B - a +2 dagger of draining
Missiles
 u - 6 poisoned darts (quivered)
 D - 2 throwing nets
Armour
 b - a +1 scale mail (worn)
 e - a +0 pair of boots (worn)
 g - a +0 pair of gloves (worn)
 x - a +0 kite shield (worn)
 y - a +0 helmet (worn)
Jewellery
 k - a ring of resist corrosion (left hand)
Wands
 q - a wand of mindburst (2)
 v - a wand of digging (6)
 C - a wand of polymorph (3)
Scrolls
 l - 3 scrolls of amnesia
 o - 2 scrolls of poison
 p - 2 scrolls of silence
 r - a scroll of blinking
 w - 2 scrolls of magic mapping
Potions
 d - a potion of might
 f - 2 potions of cancellation
 h - 2 potions of lignification {unknown}
 i - a potion of heal wounds {unknown}
 j - 2 potions of curing
 m - 2 potions of berserk rage {unknown}
 n - a potion of brilliance {unknown}
 s - a potion of ambrosia {unknown}
 t - 2 potions of mutation {unknown}
 A - a potion of haste {unknown}


   Skills:
 + Level 7.7 Fighting
 + Level 3.8 Short Blades
 + Level 3.8 Long Blades
 + Level 6.0 Axes
 + Level 3.8 Maces & Flails
 + Level 3.8 Polearms
 + Level 3.8 Staves
 + Level 3.8 Ranged Weapons
 + Level 3.8 Throwing
 + Level 7.7 Armour
 + Level 3.8 Dodging
 + Level 3.8 Stealth
 + Level 7.7 Shields
 + Level 3.8 Unarmed Combat
 + Level 3.8 Spellcasting
 + Level 3.1 Conjurations
 + Level 3.1 Hexes
 + Level 3.1 Summonings
 + Level 3.1 Necromancy
 + Level 3.1 Translocations
 + Level 3.1 Transmutations
 + Level 3.1 Fire Magic
 + Level 3.1 Ice Magic
 + Level 3.1 Air Magic
 + Level 3.1 Earth Magic
 + Level 3.1 Poison Magic
 + Level 4.2 Invocations
 + Level 3.8 Evocations


You had 14 spell levels left.
You didn't know any spells.
Your spell library contained the following spells:

 Spells                   Type           Power      Damage    Failure   Level
 Inner Flame              Hex/Fire       5%         N/A       87%         3
 Ozocubu's Armour         Ice            5%         N/A       87%         3
 Yara's Violent Unravell  Hex/Tmut       2%         3d3       100%        5
 Enfeeble                 Hex            2%         N/A       100%        7


Dungeon Overview and Level Annotations

Branches:
Dungeon (6/15)             Temple (0/1) D:5

Altars:
Cheibriados
Fedhas
Gozag
Hepliaklqana
Makhleb
Okawaru
Xom
Yredelemnul
The Shining One


Innate Abilities, Weirdness & Mutations

You have very sharp teeth.
Your uncanny sense of smell can sniff out nearby items.
Your experience applies equally to all skills.


Message History

The orc hits you with a +0 short sword. You block the orc wizard's attack.
The orc attacks as you move away! The orc hits you but does no damage.
The orc wizard hits you but does no damage.
You barely miss the orc priest. You bite the orc priest.
The orc priest is lightly wounded.
You closely miss the orc.
You hit the orc wizard but do no damage.
You hit the orc warrior but do no damage.
The orc priest closely misses you. The orc hits you but does no damage.
You block the orc wizard's attack. You block the orc warrior's attack.
A shadow imp comes into view.
The shadow imp shouts, "Bolt, thou spongy earth-vexing nobody!"
You hit the orc priest.
The orc priest is heavily wounded.
You slash the orc!
You kill the orc!
Okawaru accepts your kill.
You closely miss the orc wizard.
You hit the orc warrior but do no damage.
The orc priest begins to cast a cantrip, but forgets the words!
You block the orc wizard's attack.
The orc warrior hits you with a +0 scimitar!
Unknown command.
The orc priest attacks as you move away!
You block the orc priest's attack.
The orc priest mumbles some strange prayers to Beogh against you.
You struggle to resist.
You block the orc wizard's attack.
The orc warrior hits you with a +0 scimitar.
You see here a +0 short sword.
You block the orc priest's attack. You block the orc wizard's attack.
The orc warrior hits you with a +0 scimitar!!
* * * LOW HITPOINT WARNING * * *
Unknown command.
You barely miss the orc priest.
The orc priest is heavily wounded.
You closely miss the orc warrior. You hit the orc wizard.
You block the orc priest's attack.
The orc wizard hits you but does no damage.
The orc warrior hits you with a +0 scimitar!
You die...

.###................
....# ##..>......#......
.....##..........#......
...............#........
............####(.......
.............##.........
........................
.......o...>............
......o@).###.##........
#......)o....###.....<..
....5..####....#.#......
...###. ##...###.....#
.. ... #....# #...... .
.....##....###..#...
.................#.#.
...............####.##
.........!.####...#


You could see an orc warrior, an orc priest, an orc wizard and a shadow imp.

Vanquished Creatures
  Sigmund (D:5)
  A water moccasin (D:4)
  An orc warrior (D:5)
  A sky beast (D:4)
  2 ogres (D:5)
  The ghost of slphil the Slasher, an amateur MfGl (D:4)
  A necrophage (D:5)
  A scorpion (D:5)
  3 vampire bats (D:4)
  A crimson imp (D:3)
  A jelly (D:4)
  A gnoll bouda (D:5)
  4 hounds
  An orc priest (D:4)
  3 iguanas
  Ijyb (D:4)
  3 orc wizards
  6 gnolls
  5 adders
  2 white imps
  3 worms
  3 dart slugs
  16 orcs
  7 ball pythons
  11 endoplasms
  4 giant cockroaches
  7 goblins
  10 hobgoblins
  12 bats
  5 frilled lizards
  3 kobolds
  2 rats
123 creatures vanquished.

Notes
Turn   | Place    | Note
-------+----------+-------------------------------------------
     0 | D:1      | Renzlar the Gnoll Fighter began the quest for the Orb.
     0 | D:1      | Reached XP level 1. HP: 23/23 MP: 1/1
   101 | D:1      | Reached XP level 2. HP: 19/29 MP: 2/2
   277 | D:1      | Reached XP level 3. HP: 34/35 MP: 3/3
   441 | D:1      | Found a faded altar of an unknown god.
   752 | D:1      | Reached skill level 1 in Invocations
   840 | D:1      | Got the Collected Works on Maledictive Congelation
  1448 | D:2      | Reached skill level 1 in Short Blades
  1448 | D:2      | Reached skill level 1 in Long Blades
  1448 | D:2      | Reached skill level 1 in Maces & Flails
  1448 | D:2      | Reached skill level 1 in Polearms
  1448 | D:2      | Reached skill level 1 in Staves
  1448 | D:2      | Reached skill level 1 in Ranged Weapons
  1448 | D:2      | Reached skill level 1 in Throwing
  1448 | D:2      | Reached skill level 1 in Dodging
  1448 | D:2      | Reached skill level 1 in Stealth
  1448 | D:2      | Reached skill level 1 in Unarmed Combat
  1448 | D:2      | Reached skill level 1 in Spellcasting
  1448 | D:2      | Reached skill level 1 in Evocations
  1520 | D:2      | Reached XP level 4. HP: 41/41 MP: 5/5
  1774 | D:3      | Reached skill level 1 in Conjurations
  1774 | D:3      | Reached skill level 1 in Hexes
  1774 | D:3      | Reached skill level 1 in Summonings
  1774 | D:3      | Reached skill level 1 in Necromancy
  1774 | D:3      | Reached skill level 1 in Translocations
  1774 | D:3      | Reached skill level 1 in Transmutations
  1774 | D:3      | Reached skill level 1 in Fire Magic
  1774 | D:3      | Reached skill level 1 in Ice Magic
  1774 | D:3      | Reached skill level 1 in Air Magic
  1774 | D:3      | Reached skill level 1 in Earth Magic
  1774 | D:3      | Reached skill level 1 in Poison Magic
  2064 | D:3      | Reached XP level 5. HP: 22/47 MP: 5/7
  2277 | D:3      | Found a snail-covered altar of Cheibriados.
  2436 | D:3      | Found an iron altar of Okawaru.
  2449 | D:3      | Became a worshipper of Warmaster Okawaru
  2585 | D:3      | Found a burning altar of Makhleb.
  2585 | D:3      | Found a shimmering altar of Xom.
  2741 | D:3      | Found a hazy altar of Hepliaklqana.
  2746 | D:3      | Found an opulent altar of Gozag.
  2750 | D:3      | Found a basalt altar of Yredelemnul.
  2836 | D:4      | Found a glowing golden altar of the Shining One.
  2964 | D:4      | Reached XP level 6. HP: 31/53 MP: 8/8
  3211 | D:4      | Noticed Ijyb
  3220 | D:4      | Killed Ijyb
  3221 | D:4      | Reached skill level 5 in Axes
  3399 | D:4      | Found a runed translucent door.
  3402 | D:4      | Noticed slphil's ghost (amateur MfGl)
  3419 | D:4      | Killed slphil's ghost
  3419 | D:4      | Reached * piety under Okawaru
  3420 | D:4      | Reached XP level 7. HP: 50/60 MP: 10/10
  3955 | D:5      | Entered Level 5 of the Dungeon
  4229 | D:4      | Reached ** piety under Okawaru
  4334 | D:5      | Reached XP level 8. HP: 58/67 MP: 12/12
  4554 | D:5      | Noticed Sigmund
  4561 | D:5      | Killed Sigmund
  4742 | D:5      | Found a blossoming altar of Fedhas.
  4757 | D:5      | Found a staircase to the Ecumenical Temple.
  5324 | D:5      | Reached *** piety under Okawaru
  5677 | D:6      | Slain by an orc warrior

Illustrated notes

Levels and vault maps discovered:
D:1:      lightli_arrival_flooded_house, layout_loops_cross,
          hellmonk_ecumenical_altar_run_dry, st_stairs_11
D:2:      layout_basic, kennysheep_cross_room
D:3:      layout_basic, grunt_temple_overflow_champion_of_chaos,
          mainiacjoe_overflow_small_starburst, mainiacjoe_overflow_chevrons,
          minitemple
D:4:      layout_basic, overflow_temple_1_default,
          hellmonk_ghost_happy_afterlife, roderic_batcave,
          minmay_fractal_squares_diagonal_5, uniq_ijyb
D:5:      layout_gridville, fedhas_altar_2, minmay_temple_entry_mini_moons,
          kennysheep_generic_room_2, uniq_sigmund
D:6:      layout_cave_pools, uniq_blork_the_orc

Skill      XL: |  1  2  3  4  5  6  7  8 |
---------------+-------------------------+-----
Invocations    | 1 2 3 4 |  4.2
Short Blades   | 1 2 3 |  3.8
Long Blades    | 1 2 3 |  3.8
Maces & Flails | 1 2 3 |  3.8
Polearms       | 1 2 3 |  3.8
Staves         | 1 2 3 |  3.8
Ranged Weapons | 1 2 3 |  3.8
Throwing       | 1 2 3 |  3.8
Dodging        | 1 2 3 |  3.8
Stealth        | 1 2 3 |  3.8
Unarmed Combat | 1 2 3 |  3.8
Spellcasting   | 1 2 3 |  3.8
Evocations     | 1 2 3 |  3.8
Conjurations   | 1 2 3 |  3.1
Hexes          | 1 2 3 |  3.1
Summonings     | 1 2 3 |  3.1
Necromancy     | 1 2 3 |  3.1
Translocations | 1 2 3 |  3.1
Transmutations | 1 2 3 |  3.1
Fire Magic     | 1 2 3 |  3.1
Ice Magic      | 1 2 3 |  3.1
Air Magic      | 1 2 3 |  3.1
Earth Magic    | 1 2 3 |  3.1
Poison Magic   | 1 2 3 |  3.1
Axes           | 5 6 |  6.0
Fighting       | 7 |  7.7
Armour         | 7 |  7.7
Shields        | 7 |  7.7

Action                   |  1- 3 |  4- 6 |  7- 9 || total
-------------------------+-------+-------+-------++-------
Melee: War axe           |    67 |   162 |   186 ||   415
       Bite              |     7 |    15 |    25 ||    47
 Fire: Sling             |       |    12 |    57 ||    69
Invok: Heroism           |       |       |     3 ||     3
  Use: Scroll            |     7 |     3 |     4 ||    14
       Potion            |       |       |     3 ||     3
Armor: Scale mail        |    26 |    89 |    97 ||   212
Dodge: Dodged            |    27 |    62 |    78 ||   167
Block: Buckler           |    19 |    35 |       ||    54
       Kite shield       |       |    32 |   109 ||   141
